 Dungeon Crawl Stone Soup version 0.31.0-12-g77e489cdc1 (webtiles) character file.

Game seed: 13394548300811787121

1013 Curundu the Trooper (level 8, -6/69 HPs)
             Began as a Ghoul Monk on Feb 16, 2024.
             Was a Believer of Qazlal.
             Killed from afar by an electric eel (12 damage)
             ... with a bolt of electricity
             ... on level 6 of the Dungeon.
             The game lasted 00:19:56 (4803 turns).

Curundu the Trooper (Ghoul Monk)                    Turns: 4803, Time: 00:19:57

Health: -6/69      AC:  5    Str: 17    XL:     8   Next: 21%
Magic:  0/9        EV: 13    Int:  9    God:    Qazlal [**....]
Gold:   229        SH:  3    Dex: 11    Spells: 8/9 levels left

rFire   . . .        j - +2 spear (venom)
rCold   + . .        d - orb {light}
rNeg    + + +        b - +1 robe
rPois   ∞            (no helmet)
rElec   .            v - +0 cloak {rCorr}
rCorr   +            (no gloves)
SInv    .            t - +0 pair of boots
Will    .....        w - amulet of guardian spirit
Stlth   +            (no ring)
HPRegen 0.00/turn    (no ring)
MPRegen 0.11/turn

%: guardian spirit
@: inhibited regen, glowing
A: claws 1, cold resistance 1, negative energy resistance 3, inhibited
regeneration, torment resistance 2, devour on kill
a: Renounce Religion, Upheaval


You were on level 6 of the Dungeon.
You worshipped Qazlal.
Qazlal was pleased with you.
You visited 1 branch of the dungeon, and saw 6 of its levels.

You collected 229 gold pieces.

Inventory:

Hand Weapons
 a - a +0 hand axe
 j - a +2 spear of venom (weapon)
 u - a +3 quarterstaff of chaos
Armour
 b - a +1 robe (worn)
 d - an orb of light (worn)
 t - a +0 pair of boots (worn)
 v - a +0 cloak of preservation (worn)
Jewellery
 o - an amulet of faith
 w - an amulet of guardian spirit (around neck)
Scrolls
 e - 6 scrolls of enchant armour
 i - a scroll of immolation {unknown}
 k - 2 scrolls of revelation {unknown}
 l - 3 scrolls of fog {unknown}
 m - 4 scrolls of identify {unknown}
 r - a scroll of teleportation
 s - a scroll of noise {unknown}
Potions
 c - a potion of ambrosia
 f - a potion of resistance {unknown}
 g - a potion of degeneration {unknown}
 h - 3 potions of enlightenment {unknown}
 n - 2 potions of might {unknown}
 p - a potion of heal wounds {unknown}
 q - a potion of curing {unknown}


   Skills:
 * Level 5.4 Fighting
 - Level 3.8(4.8) Axes
 - Level 4.6(5.3) Polearms
 * Level 1.1(3.1) Staves
 * Level 1.2 Armour
 * Level 4.7 Dodging
 - Level 1.6 Stealth
 * Level 1.1 Spellcasting
 * Level 1.5 Invocations


You had 8 spell levels left.
You knew the following spells:

 Your Spells              Type           Power      Damage    Failure   Level
a - Necrotise             Necr           0%         1d4       36%         1

Your spell library contained the following spells:

 Spells                   Type           Power      Damage    Failure   Level
 Apportation              Tloc           0%         N/A       36%         1
 Kiss of Death            Conj/Necr      0%         2d5       36%         1
 Sting                    Conj/Alch      0%         1d3       36%         1
 Summon Small Mammal      Summ           0%         N/A       36%         1
 Lesser Beckoning         Tloc           0%         N/A       50%         2
 Scorch                   Fire           0%         2d5       50%         2
 Confusing Touch          Hex            0%         N/A       73%         3
 Gell's Gravitas          Tloc           0%         N/A       73%         3
 Teleport Other           Tloc           0%         N/A       73%         3
 Dispel Undead            Necr           0%         3d6       98%         4
 Flame Wave               Conj/Fire      0%         2d4       98%         4
 Vhi's Electric Charge    Tloc/Air       0%         N/A       98%         4
 Arcjolt                  Conj/Air       0%         1d10      100%        5
 Plasma Beam              Fire/Air       0%         2x1d10    100%        6
 Summon Cactus Giant      Summ           0%         N/A       100%        6


Dungeon Overview and Level Annotations

Branches:
Dungeon (6/15)
 Temple: D:4-7

Altars:
Hepliaklqana
Qazlal

Shops:
D:2 :

Annotations:
D:3 2 transporters, Sandpaper2's ghost, weakling SpBr


Innate Abilities, Weirdness & Mutations

You are immune to poison.
You have sharp fingernails.
Your flesh is cold resistant. (rC+)
You are immune to negative energy. (rN+++)
You do not regenerate when monsters are visible.
You are immune to unholy pain and torment.
You thrive by killing the living.


Message History

The ufetubus barely misses you. The ufetubus misses you.
The ufetubus barely misses you. The ufetubus closely misses you.
You barely miss the ufetubus.
The ufetubus is moderately wounded.
The ufetubus hits you but does no damage.
The ufetubus barely misses you. The ufetubus closely misses you.
The ufetubus hits you.
You hit the ufetubus.
The ufetubus looks as sick as possible!
The ufetubus is severely wounded.
You kill the ufetubus!
Qazlal accepts your kill. The ufetubus barely misses you.
The ufetubus closely misses you. The ufetubus barely misses you. x2
You kill the ufetubus!
Qazlal accepts your kill.
The electric eel shoots out a bolt of lightning at you!
The bolt of electricity hits you!
The electric eel shoots out a bolt of lightning at you!
The bolt of electricity hits you!
The electric eel shoots out a bolt of lightning at you!
The bolt of electricity hits you.
The electric eel shoots out a bolt of lightning at you!
The bolt of electricity misses you.
The electric eel shoots out a bolt of lightning at you!
The bolt of electricity hits you!
The electric eel shoots out a bolt of lightning at you!
The bolt of electricity misses you.
The electric eel shoots out a bolt of lightning at you!
The bolt of electricity hits you!
* * * LOW HITPOINT WARNING * * *
The electric eel shoots out a bolt of lightning at you!
The bolt of electricity misses you.
The bolt of electricity hits the plant!
The plant begins to die.
The electric eel shoots out a bolt of lightning at you!
The bolt of electricity hits you!
* * * LOW HITPOINT WARNING * * *
The bolt of electricity hits the plant!
The plant begins to die.
The electric eel shoots out a bolt of lightning at you!
The bolt of electricity hits you!
You die...

#.....#.<.#
####.....#...####
♣................
♣♣♣♣♣♣♣♣.......#.......
~♣~~~♣~~~♣......'.......
~~~~~~~~~♣♣.....#.......
~~.~~~~~~~♣~~...###.....
.....~...P~P♣...# ##....
.......@........# #####
....~.S.~~...#### #....
~~~~♣~..~~~..# #.###
≈~~~~~~P~~~..#######)...
≈≈≈~~~~~~♣.#........))..
~≈≈~~~~~♣..#............
~~~P~~P~♣..#............
.~P~~~~~~..'............
♣♣♣♣...#........#...


You could see an electric eel.

Vanquished Creatures
  Menkaure (D:6)
  An orc warrior (D:6)
  An ogre (D:4)
  A phantom (D:5)
  3 scorpions
  Crazy Yiuf (D:5)
  An orc priest (D:5)
  2 iguanas (D:5)
  An orc wizard (D:3)
  3 sleepcaps
  5 gnolls
  9 adders
  2 ufetubi (D:6)
  5 dart slugs
  2 ribbon worms
  12 orcs
  3 bats (D:1)
  5 endoplasms
  3 giant cockroaches
  10 hobgoblins
  14 kobolds
  5 quokkas
  8 ball pythons
  9 goblins
  4 rats
111 creatures vanquished.

Notes
Turn   | Place    | Note
-------+----------+-------------------------------------------
     0 | D:1      | Curundu the Ghoul Monk began the quest for the Orb.
     0 | D:1      | Reached XP level 1. HP: 19/19 MP: 1/1
    44 | D:1      | Reached XP level 2. HP: 16/26 MP: 2/2
   269 | D:1      | Reached XP level 3. HP: 23/33 MP: 3/3
   464 | D:1      | Found a faded altar of an unknown god.
   840 | D:2      | Reached XP level 4. HP: 39/40 MP: 4/4
   974 | D:2      | Noticed a walking crystal tome
   976 | D:2      | Found Hineuz's Book Emporium.
   985 | D:2      | Reached skill level 4 in Fighting
  1032 | D:2      | Noticed a walking frostbound tome
  1426 | D:3      | Reached skill level 1 in Polearms
  1427 | D:3      | Reached XP level 5. HP: 26/46 MP: 5/5
  1628 | D:3      | Noticed Sandpaper2's ghost (weakling SpBr)
  1643 | D:3      | Found a transporter.
  1698 | D:3      | Found a transporter.
  2525 | D:4      | Reached skill level 1 in Stealth
  2525 | D:4      | Reached XP level 6. HP: 36/53 MP: 6/6
  2590 | D:4      | Found a hazy altar of Hepliaklqana.
  2986 | D:4      | Reached XP level 7. HP: 60/60 MP: 7/7
  3122 | D:4      | Found a stormy altar of Qazlal.
  3277 | D:4      | Became a worshipper of Qazlal Stormbringer
  3277 | D:4      | Reached * piety under Qazlal
  3277 | D:4      | Reached ** piety under Qazlal
  3418 | D:5      | Entered Level 5 of the Dungeon
  3912 | D:5      | Found a runed translucent door.
  3913 | D:5      | Noticed Crazy Yiuf
  3921 | D:5      | Killed Crazy Yiuf
  4235 | D:6      | Reached skill level 5 in Fighting
  4277 | D:6      | Reached skill level 1 in Invocations
  4277 | D:6      | Reached XP level 8. HP: 36/68 MP: 4/9
  4369 | D:6      | Learned a level 1 spell: Necrotise
  4418 | D:6      | Reached skill level 1 in Armour
  4567 | D:6      | Noticed Menkaure
  4576 | D:6      | Killed Menkaure
  4577 | D:6      | Reached skill level 1 in Staves
  4577 | D:6      | Reached skill level 1 in Spellcasting
  4803 | D:6      | Killed from afar by an electric eel

Illustrated notes

Levels and vault maps discovered:
D:1:      saegor_arrival_under_anarchy, layout_rooms,
          shapermc_ecumenical_altar_venn, serial_bayou_pond_d
D:2:      layout_loops_ring, serial_shops, nicolae_shop_mannequins,
          hangedman_decor_growths
D:3:      layout_rooms, gammafunk_ghost_stat_death, minmay_puff
D:4:      minmay_spotlight, layout_basic, nicolae_qazlal_eye_of_the_storm,
          mainiacjoe_overflow_six_doors_small
D:5:      layout_cave_pools, uniq_crazy_yiuf_cottage
D:6:      dreamdust_elfheim, layout_basic, minmay_temple_entry_nine_rooms,
          serial_bayou, serial_bayou_pond_a, serial_bayou_pond_e,
          serial_bayou_shore_b, serial_bayou_ford_a, uniq_menkaure, uniq_duvessa

Skill      XL: |  1  2  3  4  5  6  7  8 |
---------------+-------------------------+-----
Axes           | 3 |  3.8
Dodging        | 3 4 |  4.7
Fighting       | 4 5 |  5.4
Polearms       | 1 2 3 4 |  4.6
Stealth        | 1 |  1.6
Invocations    | 1 |  1.5
Armour         | 1 |  1.2
Staves         | 1 |  1.1
Spellcasting   | 1 |  1.1

Action                     |  1- 3 |  4- 6 |  7- 9 || total
---------------------------+-------+-------+-------++-------
  Melee: Hand axe          |    63 |       |       ||    63
         Spear             |    21 |   133 |   111 ||   265
    Use: Scroll            |     2 |       |       ||     2
 Armour: Robe              |    55 |    68 |    69 ||   192
  Dodge: Dodged            |    73 |    80 |    99 ||   252
